 Dungeon Crawl Stone Soup version 0.31-a0-716-gc7603755dd (webtiles) character file.

Game seed: 1765452254003047422

90 Ordine the Ruffian (level 4, -3/24 (29) HPs)
             Began as an Octopode Shapeshifter on Sept 9, 2023.
             Slain by an orc
             ... wielding a +0 hand axe
              (4 damage)
             ... on level 3 of the Dungeon.
             The game lasted 00:03:41 (1686 turns).

Ordine the Ruffian (Octopode Shapeshifter)          Turns: 1686, Time: 00:03:42

HP:   -3/24 (29)    AC:  1    Str: 15    XL:     4   Next: 56%
MP:   4/4           EV: 13    Int: 12    God:
Gold: 78            SH:  0    Dex: 11    Spells: 3/3 levels left

rFire   . .          .
                       - Unarmed
rCold   + . .        (no shield)
rNeg    . . .        (helmet currently unavailable)
rPois   .            (no amulet)
rElec   .            g - ring of protection from cold
rCorr   .            (no ring)
SInv    .            (no ring)
Will    .....        (no ring)
Stlth   +++          (no ring)
HPRegen 0.24/turn    (no ring)
MPRegen 0.09/turn    (no ring)
                     (no ring)

%: no passive effects
@: beast-form, heavily drained
A: beast (slay +1), almost no armour, amphibious, 8 rings, camouflage 1,
gelatinous body 1, (nimble swimmer 1), tentacles
a: Begin Untransformation


You were on level 3 of the Dungeon.
You were a hulking beast.
You visited 1 branch of the dungeon, and saw 3 of its levels.

You collected 78 gold pieces.

Inventory:

Jewellery
 g - a ring of protection from cold (left tentacle)
Talismans
 b - a beast talisman (active)
 c - a flux talisman
 i - a serpent talisman
Scrolls
 d - a scroll of silence {unknown}
 e - a scroll of blinking {unknown}
 h - a scroll of vulnerability {unknown}
 j - a scroll of enchant armour {unknown}
 n - a scroll of teleportation {unknown}
Potions
 k - a potion of invisibility {unknown}
 l - a potion of ambrosia {unknown}
 m - a potion of haste {unknown}
 o - a potion of brilliance {unknown}
 p - a potion of mutation {unknown}
 q - a potion of attraction {unknown}


   Skills:
 + Level 1.9 Fighting
 + Level 2.5 Dodging
 + Level 2.1 Stealth
 * Level 3.8 Unarmed Combat
 + Level 3.3 Shapeshifting


You had 3 spell levels left.
You didn't know any spells.
Your spell library contained the following spells:

 Spells                   Type           Power      Damage    Failure   Level
 Cigotuvi's Dreadful Rot  Necr/Pois/Air  0%         N/A       45%         2
 Lesser Beckoning         Tloc           0%         N/A       45%         2
 Sublimation of Blood     Necr           0%         N/A       45%         2
 Gell's Gravitas          Tloc           0%         N/A       69%         3
 Ignite Poison            Fire/Tmut/Pois 0%         N/A       69%         3
 Teleport Other           Tloc           0%         N/A       69%         3
 Petrify                  Tmut/Erth      0%         N/A       97%         4
 Freezing Cloud           Conj/Ice/Air   0%         6-21      100%        5
 Irradiate                Conj/Tmut      0%         3d11      100%        5


Dungeon Overview and Level Annotations

Branches:
Dungeon (3/15)

Altars:


Innate Abilities, Weirdness & Mutations

You are a hulking beast.
Your limbs bulge with bestial killing power. (Slay +1)
You cannot wear most types of armour.
You are amphibious.
You can wear up to eight rings at the same time.
Your skin changes colour to match your surroundings (Stealth+).
Your rubbery body absorbs attacks. (AC +1, EV +1)
((You are camouflaged when in or above water. (Stealth+)))
You have tentacles for arms and can constrict up to eight enemies at once.


Message History

You kill the jackal!
The jackal barely misses you.
You closely miss the jackal. You grab the jackal. You constrict the jackal.
The jackal barely misses you. The jackal closely misses you.
The jackal completely misses you.
You tentacle-slap the jackal but do no damage.
You squeeze the jackal.
You kill the jackal!
The jackal bites you.
The gnoll hits you with a +2 flail of draining!
You feel drained. The dart slug launches a dart at you. The slug dart hits you.
The orc misses you.
Unknown command.
You tentacle-slap the gnoll but do no damage.
Your grab misses the gnoll. The jackal barely misses you.
The gnoll hits you with a +2 flail of draining.
* * * LOW HITPOINT WARNING * * *
You feel drained.
* * * LOW HITPOINT WARNING * * *
Unknown command.
Your transformation has ended.
You turn into a tree.
Your roots penetrate the ground.
The jackal bites you but does no damage.
The orc hits you but does no damage.
The dart slug bites you but does no damage.
The gnoll hits you but does no damage.
You feel drained. The jackal bites you.
* * * LOW HITPOINT WARNING * * *
You hit the gnoll but do no damage. The orc completely misses you.
The jackal barely misses you.
The gnoll hits you with a +2 flail of draining.
* * * LOW HITPOINT WARNING * * *
You feel drained.
The dart slug bites you but does no damage.
It was a potion of cancellation.
Your magical effects are unravelling.
You feel magically purged.
You feel less wooden.
You turn into a hulking beast.
The orc hits you with a +0 hand axe.
You die...

.# .###
####.#.##
#.......#
.........
#.#####........
#......w.......
#hh......
......†go?.....
~~~~~....~~~~~~
~≈≈≈~....~~≈≈≈≈
~~~≈~....~~~~~~
......?........
#####++++######


You could see a gnoll, a dart slug, an orc and a jackal.

Vanquished Creatures
  2 adders (D:2)
  4 worms (D:2)
  A dart slug (D:2)
  3 ball pythons
  3 endoplasms
  A giant cockroach (D:1)
  5 hobgoblins
  8 jackals
  6 kobolds
  4 quokkas
  A bat (D:1)
  2 frilled lizards
  7 goblins
  9 rats
56 creatures vanquished.

Notes
Turn   | Place    | Note
-------+----------+-------------------------------------------
     0 | D:1      | Ordine the Octopode Shapeshifter began the quest for the
                  | Orb.
     0 | D:1      | Reached XP level 1. HP: 13/13 MP: 1/1
    10 | D:1      | Noticed a centaur
   116 | D:1      | Reached XP level 2. HP: 6/18 MP: 2/2
   286 | D:1      | Reached skill level 1 in Stealth
   713 | D:2      | Reached XP level 3. HP: 23/23 MP: 3/3
  1252 | D:2      | Reached XP level 4. HP: 24/29 MP: 4/4
  1685 | D:3      | HP: 1/37 [gnoll/+2 flail of draining (1)]
  1686 | D:3      | Slain by an orc

Illustrated notes

Levels and vault maps discovered:
D:1:      evilmike_arrival_come_back, layout_basic,
          chequers_serial_rivers_micro_d, minmay_cut_off
D:2:      layout_loops_ring, glass_columns_a
D:3:      lemuel_castle_with_subvaults [lemuel_castle_interior_carwin_1],
          layout_loops_ring

Skill      XL: |  1  2  3  4 |
---------------+-------------+-----
Stealth        | 1 2 |  2.1
Fighting       | |  1.9
Dodging        | |  2.5
Unarmed Combat | |  3.8
Shapeshifting  | |  3.3

Action                     |  1- 3 |  4- 6 || total
---------------------------+-------+-------++-------
  Melee: Unarmed           |    66 |    30 ||    96
         Constrict         |    15 |     9 ||    24
         Tentacles         |    12 |     8 ||    20
         Punch             |     1 |       ||     1
    Use: Potion            |       |     2 ||     2
   Stab: Sleeping          |    10 |     1 ||    11
 Armour: Skin              |    35 |    19 ||    54
  Dodge: Dodged            |    15 |    17 ||    32

Table legend: (Time is in decaauts)
 A = Elapsed time spent in this place.
 B = Non-inter-level travel time spent in this place.
 C = Inter-level travel time spent in this place.
 D = Time resting spent in this place.
 E = Time spent auto-exploring this place.
 F = Levels seen in this place.
 G = Mean time per level.
                   A        B        C        D        E       F      G
               +--------+--------+--------+--------+--------+-----+--------+
         Total |   1681 |   1538 |    143 |      0 |   1219 |   3 |  560.3 |
       Dungeon |   1681 |   1538 |    143 |      0 |   1219 |   3 |  560.3 |
               +--------+--------+--------+--------+--------+-----+--------+

Top non-repeatable levels by time:
     D:2: 872 daAuts
     D:1: 769 daAuts
     D:3: 39 daAuts
